[Event "Late Titled Tuesday Blitz February 8 2022"]
[White "Iskusnyh, Sergei"]
[Black "Xiong, Jeffery"]
[WhiteFideId "4120027"]
[BlackFideId "2047640"]
[WhiteElo "2492"]
[BlackElo "2727"]
[Result "0-1"]
[Round "02"]
[TimeControl "180+1"]
[Date "2022.02.08"]
[WhiteClock "0:00:09"]
[BlackClock "0:01:03"]

1. d4 d5 2. c4 e6 3. Nf3 Nf6 4. g3 dxc4 5. Bg2 c6 6. a4 Nbd7 7. O-O a5 8. Qc2 Nb6 9. Nbd2 Be7 10. Nxc4 Nxc4 11. Qxc4 O-O 12. Rd1 Qb6 13. Ne5 Rd8 14. e3 Bd7 15. Qc2 Be8 16. Nc4 Qa7 17. e4 b5 18. axb5 cxb5 19. Rxa5 Qc7 20. Rxa8 Rxa8 21. Ne3 Qxc2 22. Nxc2 b4 23. e5 Nd5 24. Ne3 Bc6 25. Nxd5 Bxd5 26. Bxd5 exd5 27. Be3 Kf8 28. Rc1 Ke8 29. Rc7 Ra2 30. b3 Rb2 31. Rb7 Rxb3 32. Rb5 Rb1+ 33. Kg2 b3 34. Bd2 Kd7 35. Rb7+ Kc6 36. Rxe7 b2 37. Bc3 Rg1+ 38. Kxg1 b1=Q+ 39. Kg2 Qe4+ 40. Kg1 Qf3 41. Bb4 Qd1+ 42. Kg2 Qxd4 43. Bd6 Qe4+ 44. Kg1 d4 45. Rc7+ Kd5 46. Rxf7 d3 47. Bb4 Qxb4 48. Rxg7 d2 0-1


[Site "https://www.chess.com"]

[Event "Late Titled Tuesday Blitz February 8 2022"]
[White "Izoria, Zviad"]
[Black "Glavina, Pablo"]
[WhiteFideId "13601733"]
[BlackFideId "100234"]
[WhiteElo "2626"]
[BlackElo "2369"]
[Result "1-0"]
[Round "02"]
[TimeControl "180+1"]
[Date "2022.02.09"]
[WhiteClock "0:01:23"]
[BlackClock "0:01:19"]

1. Nf3 Nf6 2. c4 c5 3. Nc3 Nc6 4. e3 d5 5. cxd5 Nxd5 6. Bc4 e6 7. O-O Be7 8. d4 cxd4 9. exd4 O-O 10. Re1 Nf6 11. a3 b6 12. Bf4 Bb7 13. Rc1 Rc8 14. Ba2 Na5 15. Ne5 Bd5 16. Nxd5 Nxd5 17. Rxc8 Qxc8 18. Bd2 Nc6 19. Bxd5 Nxe5 20. Rxe5 Bf6 21. Bb3 Bxe5 22. dxe5 Rd8 23. Qe2 Qc5 24. Bc3 a5 25. h3 g6 26. a4 Rd7 27. Bc4 Rd8 28. h4 h5 29. g3 Qc6 30. b3 Qc5 31. Bd2 Qd4 32. Bg5 Rc8 33. Qe3 Qc5 34. Qxc5 Rxc5 35. f4 Rc8 36. Be7 Kg7 37. Kf2 Rc7 38. Bd6 Rc8 39. Ke3 f6 40. Kd4 fxe5+ 41. Kxe5 1-0


[Site "https://www.chess.com"]

[Event "Late Titled Tuesday Blitz February 8 2022"]
[White "Jacobson, Aaron"]
[Black "Smirnov, Pavel"]
[WhiteFideId "2089912"]
[BlackFideId "4123425"]
[WhiteElo "2543"]
[BlackElo "2789"]
[Result "0-1"]
[Round "02"]
[TimeControl "180+1"]
[Date "2022.02.09"]
[WhiteClock "0:00:03"]
[BlackClock "0:01:48"]

1. e4 e5 2. Nf3 Nc6 3. Nc3 Nf6 4. d4 exd4 5. Nxd4 Bb4 6. Nxc6 bxc6 7. Bd3 d5 8. exd5 O-O 9. O-O Bg4 10. f3 Bh5 11. Bg5 Qd6 12. a3 Bxc3 13. bxc3 Nxd5 14. Qe1 Qc5+ 15. Kh1 Rfe8 16. Qh4 Bg6 17. c4 Ne3 18. Bxe3 Rxe3 19. Qf2 Rae8 20. Rae1 h5 21. Bxg6 fxg6 22. Rxe3 Qxe3 23. Qxe3 Rxe3 24. Kg1 Rxa3 25. Rb1 Rc3 26. Rb7 a5 27. Rxc7 Rxc4 28. Ra7 a4 29. Kf1 Kh7 30. h3 h4 31. Kg1 g5 32. Kf1 Kg6 33. Ra5 Kf6 34. c3 Rxc3 35. Rxa4 Rc1+ 36. Ke2 Rc2+ 37. Kf1 c5 38. Re4 c4 39. Re8 c3 40. Re4 Rd2 41. Rc4 c2 42. Kg1 Rd1+ 43. Kh2 c1=Q 0-1


[Site "https://www.chess.com"]

[Event "Late Titled Tuesday Blitz February 8 2022"]
[White "Jaferian, Koosha"]
[Black "Todorovic, Bojan"]
[WhiteFideId "12507440"]
[BlackFideId "917087"]
[WhiteElo "2027"]
[BlackElo "2266"]
[Result "1-0"]
[Round "02"]
[TimeControl "180+1"]
[Date "2022.02.09"]
[WhiteClock "0:00:07"]
[BlackClock "0:00:12"]

1. Nf3 Nf6 2. b3 e6 3. Bb2 b6 4. g3 Bb7 5. Bg2 Be7 6. O-O O-O 7. c4 d5 8. cxd5 exd5 9. d4 c5 10. e3 Nbd7 11. Nbd2 Ne4 12. Rc1 Bf6 13. Qc2 Rc8 14. Qb1 Re8 15. Rfd1 Qe7 16. dxc5 Bxb2 17. Qxb2 Ndxc5 18. Qb1 Ba6 19. Bf1 Bxf1 20. Nxf1 Qf6 21. Kg2 Nc3 22. Rxc3 Qxc3 23. Rxd5 Ne4 24. Nd4 Qc1 25. Qd3 Qc3 26. Qb1 g6 27. Nb5 Qc6 28. Qd3 Nf6 29. e4 Nxd5 30. exd5 Qc5 31. Ne3 Rcd8 32. Nd4 Rxe3 33. fxe3 Qxd5+ 34. Kf2 Rc8 35. e4 Qd6 36. Ke3 Rd8 37. Qc4 Kg7 38. Qc3 Kg8 39. Qc4 Qc5 40. Qxc5 bxc5 41. Nb5 a5 42. Nc7 Rd1 43. Na6 Ra1 44. Nxc5 Rxa2 45. h4 Kg7 46. Kf4 Kf6 47. e5+ Ke7 48. Nb7 Ra3 49. g4 h6 50. g5 h5 51. Nc5 Ke8 52. Nb7 Rxb3 53. Nxa5 Rb4+ 54. Kg3 Rg4+ 55. Kh3 Re4 56. Nc6 Kd7 57. Nb8+ Kc7 58. Na6+ Kb6 59. Nb8 Kc7 60. Na6+ Kd7 61. Nc5+ Kc6 62. Nxe4 Kd5 63. Nf6+ Kxe5 64. Kg3 Kf5 65. Kf3 Ke5 66. Nd7+ Kf5 67. Nf6 Ke5 68. Ne8 Kf5 69. Nd6+ 1-0


[Site "https://www.chess.com"]

[Event "Late Titled Tuesday Blitz February 8 2022"]
[White "Janaszak, Dawid"]
[Black "Timofeev, Artyom"]
[WhiteFideId "1119206"]
[BlackFideId "4140419"]
[WhiteElo "2199"]
[BlackElo "2583"]
[Result "0-1"]
[Round "02"]
[TimeControl "180+1"]
[Date "2022.02.08"]
[WhiteClock "0:00:04"]
[BlackClock "0:00:09"]

1. e4 c5 2. Nc3 Nc6 3. Bb5 Nd4 4. Nf3 e6 5. O-O Ne7 6. Re1 a6 7. Bf1 Nec6 8. Nxd4 cxd4 9. Ne2 Bc5 10. c3 O-O 11. b4 Ba7 12. a4 dxc3 13. dxc3 d6 14. Ra2 Qf6 15. Nf4 Qxc3 16. Bb2 Qxb4 17. Nh5 e5 18. Ba3 Qa5 19. Bxd6 Rd8 20. Rd2 Be6 21. Kh1 Bd4 22. Ba3 Bc3 23. Rxd8+ Qxd8 24. Qxd8+ Rxd8 25. Rb1 a5 26. Bc5 Bb4 27. Bb6 Rd6 28. f4 Bg4 29. Ng3 exf4 30. Nf5 Bxf5 31. exf5 h5 32. h3 Rd5 33. Bb5 Rxf5 34. Rd1 Re5 35. Rd7 Re7 36. Bxc6 bxc6 37. Rd8+ Kh7 38. Rc8 Re6 39. Rc7 Kg6 40. Ra7 Re5 41. Rc7 c5 42. Ra7 c4 43. Rc7 c3 44. Rc6+ f6 45. Bc7 Re4 46. Kg1 Re2 47. Kf1 Ra2 48. Bxf4 Rxa4 49. Be5 Ra2 50. Bxc3 Rc2 0-1


[Site "https://www.chess.com"]

[Event "Late Titled Tuesday Blitz February 8 2022"]
[White "Jaracz, Pawel"]
[Black "Di Nicolantonio, Lucas"]
[WhiteFideId "1102222"]
[BlackFideId "680460"]
[WhiteElo "2781"]
[BlackElo "2542"]
[Result "1-0"]
[Round "02"]
[TimeControl "180+1"]
[Date "2022.02.09"]
[WhiteClock "0:00:13"]
[BlackClock "0:00:01"]

1. e4 g6 2. d4 Bg7 3. Nc3 d6 4. Be3 a6 5. Qd2 b5 6. h4 h6 7. O-O-O Nd7 8. f4 h5 9. Nf3 Bb7 10. Ng5 Nh6 11. Bd3 c5 12. dxc5 Nxc5 13. Rhf1 O-O 14. f5 b4 15. Ne2 Na4 16. Bd4 Bxd4 17. Nxd4 Qb6 18. Bc4 Rac8 19. Bb3 Nc3 20. bxc3 bxc3 21. Qf4 Qa5 22. Kb1 d5 23. e5 e6 24. f6 Ng4 25. Rd3 Qb4 26. Ndxe6 Qa3 27. Qc1 Qxc1+ 28. Kxc1 fxe6 29. Nxe6 Nxe5 30. Rg3 Rf7 31. Rg5 Nc4 32. Rxg6+ Kh7 33. Rg3 Kh6 34. Ng5 Rff8 35. f7 Rc6 36. Bxc4 dxc4 37. Ne4 Re6 38. Nxc3 Re7 39. Rf5 Rexf7 40. Rfg5 Rf1+ 41. Kb2 R8f6 42. Rg7 Rb6+ 43. Ka3 Rf2 44. Na4 Rb5 45. R3g6# 1-0


[Site "https://www.chess.com"]

[Event "Late Titled Tuesday Blitz February 8 2022"]
[White "Jaskolka, Tomasz"]
[Black "Zierk, Steven"]
[WhiteFideId "1170791"]
[BlackFideId "2034255"]
[WhiteElo "2054"]
[BlackElo "2494"]
[Result "0-1"]
[Round "02"]
[TimeControl "180+1"]
[Date "2022.02.09"]
[WhiteClock "0:00:05"]
[BlackClock "0:00:46"]

1. d4 Nf6 2. Bf4 g6 3. Nc3 Bg7 4. e4 d6 5. Qd2 Nbd7 6. Nf3 c6 7. Bh6 Bxh6 8. Qxh6 Qa5 9. Bd3 b5 10. O-O b4 11. Nd1 Ba6 12. Ne3 Bxd3 13. cxd3 Qh5 14. Qxh5 Nxh5 15. g3 O-O 16. Rfc1 c5 17. a3 cxd4 18. Nxd4 Nc5 19. axb4 Nxd3 20. Rc7 Nxb4 21. Rxe7 a5 22. Nc4 d5 23. exd5 Nxd5 24. Re5 Ndf6 25. Rexa5 Rad8 26. Nc6 Rd3 27. b4 Rc3 28. N4e5 Ne4 29. b5 Rc2 30. R1a2 Rc1+ 31. Kg2 Ng7 32. Ne7+ Kh8 33. Ra8 Ne6 34. Rxf8+ Nxf8 35. Nxf7+ Kg7 36. Ne5 Kf6 37. N5c6 Rb1 38. Nd5+ Ke6 39. Nf4+ Kd6 40. Re2 Nc3 41. Rd2+ Kc7 42. Nd4 Nxb5 43. Nde6+ Nxe6 44. Nxe6+ Kc6 45. Nf8 Nc3 46. Rc2 Rb3 47. Nxh7 Kd5 48. Nf6+ Ke5 49. Ng4+ Ke6 50. Ne3 g5 51. h4 gxh4 52. gxh4 Ne4 53. Kf3 Nf6 54. Kf4 Rb4+ 55. Rc4 Rb2 56. f3 Re2 57. Rc6+ Kf7 58. Ng4 Nd5+ 59. Kg5 Re8 60. Rd6 Rg8+ 61. Kf5 Ne7+ 62. Kf4 Ra8 63. h5 Ra4+ 64. Kg3 Nf5+ 65. Kh3 Nxd6 66. h6 Kg6 67. Kg3 Nf5+ 68. Kh3 Nxh6 69. Ne5+ Kf5 70. Nd3 Ra3 71. Ne1 Kf4 72. Kg2 Nf5 73. Kf2 Ra2+ 74. Kf1 Ne3+ 75. Kg1 Kg3 76. Kh1 Ra1 77. f4 Rxe1# 0-1


[Site "https://www.chess.com"]

[Event "Late Titled Tuesday Blitz February 8 2022"]
[White "Jobava, Baadur"]
[Black "Michelakos, Panagiotis"]
[WhiteFideId "13601520"]
[BlackFideId "4216067"]
[WhiteElo "2617"]
[BlackElo "2140"]
[Result "0-1"]
[Round "02"]
[TimeControl "180+1"]
[Date "2022.02.08"]
[WhiteClock "0:00:57"]
[BlackClock "0:00:15"]

1. b3 e5 2. Bb2 Nc6 3. Nf3 d6 4. d4 e4 5. d5 Nce7 6. Nfd2 f5 7. c4 Ng6 8. e3 Nf6 9. Nc3 Be7 10. Qc2 O-O 11. O-O-O Ng4 12. Ndb1 a6 13. h3 N4e5 14. a4 c6 15. Na3 c5 16. Be2 Bd7 17. Kb1 Bf6 18. f4 exf3 19. gxf3 f4 20. Ne4 fxe3 21. Nxd6 Nxf3 22. Nxb7 Qb6 23. Bxf3 Bxb2 24. Qxb2 Rxf3 25. Nxc5 Qxc5 26. Rhe1 Rb8 27. Nc2 Bf5 28. Rc1 e2 29. Ka2 Rfxb3 30. Qxb3 Rxb3 31. Kxb3 Ne5 32. Na3 Nd3 33. Nc2 Nxc1+ 34. Rxc1 Bxc2+ 35. Kc3 Bd1 36. Kd2 Qb4+ 37. Kd3 e1=Q 0-1


[Site "https://www.chess.com"]

[Event "Late Titled Tuesday Blitz February 8 2022"]
[White "Jones, Gawain C B"]
[Black "Mardov, Dimitar"]
[WhiteFideId "409561"]
[BlackFideId "30919495"]
[WhiteElo "2657"]
[BlackElo "2185"]
[Result "1-0"]
[Round "02"]
[TimeControl "180+1"]
[Date "2022.02.08"]
[WhiteClock "0:02:04"]
[BlackClock "0:00:38"]

1. Nf3 d5 2. g3 Bg4 3. Bg2 e6 4. c4 c6 5. cxd5 exd5 6. Qb3 Qb6 7. d3 Qxb3 8. axb3 Nd7 9. Bd2 Ngf6 10. Bc3 Bd6 11. Nbd2 O-O 12. b4 Rfe8 13. h3 Bh5 14. Kd1 Bg6 15. Nh4 Be5 16. f4 Bxc3 17. bxc3 h6 18. Nxg6 fxg6 19. e4 dxe4 20. Nxe4 Re7 21. Re1 Kf8 22. Nd6 Rxe1+ 23. Kxe1 1-0


[Site "https://www.chess.com"]

[Event "Late Titled Tuesday Blitz February 8 2022"]
[White "Kamsky, Gata"]
[Black "Carbone, Diego"]
[WhiteFideId "2000024"]
[BlackFideId "3002179"]
[WhiteElo "2645"]
[BlackElo "2199"]
[Result "1-0"]
[Round "02"]
[TimeControl "180+1"]
[Date "2022.02.08"]
[WhiteClock "0:00:15"]
[BlackClock "0:00:05"]

1. d4 Nf6 2. Nf3 e6 3. Bf4 d5 4. e3 c5 5. c3 Nc6 6. Nbd2 Bd6 7. Bg3 O-O 8. Bd3 h6 9. O-O b6 10. Ne5 Bb7 11. f4 Ne7 12. Bh4 Nf5 13. Bxf5 exf5 14. Bxf6 Qxf6 15. Nd7 Qe7 16. Nxf8 Qxe3+ 17. Rf2 Rxf8 18. Nf1 Qe6 19. Qd2 Re8 20. Ng3 Ba6 21. a3 g6 22. Rf3 h5 23. Nf1 cxd4 24. cxd4 Qf6 25. Re3 Re4 26. Rxe4 fxe4 27. g3 h4 28. Ne3 Bb7 29. Rf1 hxg3 30. hxg3 Bf8 31. Kg2 Bg7 32. Rd1 Qe6 33. Qc3 Bc8 34. Rh1 Ba6 35. Rc1 Qf6 36. Nxd5 Qxd4 37. Qxd4 Bxd4 38. b4 Bb7 39. Rc7 Bxd5 40. Rd7 e3+ 41. Rxd5 e2 42. Rd8+ Kg7 43. Re8 Bb2 44. a4 Bc3 45. Rxe2 Bxb4 46. Kf3 Bc5 47. g4 a5 48. Re5 Kf6 49. g5+ Kg7 50. Ke4 f6 51. Re6 fxg5 52. fxg5 Kf7 53. Rf6+ Kg7 54. Rc6 Kf7 55. Ke5 Kg7 56. Rc7+ Kg8 57. Kf6 Bd6 58. Rb7 Bc5 59. Kxg6 Kf8 60. Kh7 Bd4 61. g6 1-0


[Site "https://www.chess.com"]

[Event "Late Titled Tuesday Blitz February 8 2022"]
[White "Kanyamarala, Tarun"]
[Black "Araujo, Everson De Moura"]
[WhiteFideId "45004714"]
[BlackFideId "22737197"]
[WhiteElo "2144"]
[BlackElo "1861"]
[Result "1-0"]
[Round "02"]
[TimeControl "180+1"]
[Date "2022.02.09"]
[WhiteClock "0:00:14"]
[BlackClock "0:00:09"]

1. d4 d5 2. c4 c6 3. Nf3 Nf6 4. e3 a6 5. Nc3 g6 6. cxd5 cxd5 7. Be2 Bg7 8. O-O O-O 9. Qb3 Nc6 10. Bd2 b5 11. Rfc1 Bb7 12. Be1 Na5 13. Qd1 Rc8 14. Ne5 Nc4 15. Nd3 Nd7 16. a3 e5 17. dxe5 Ndxe5 18. Nxe5 Bxe5 19. Bxc4 dxc4 20. Ne2 Qh4 21. Ng3 Rfd8 22. Qe2 Rd3 23. Bc3 Bc7 24. Bd4 Re8 25. Qxd3 cxd3 26. Rxc7 Bd5 27. Rd1 Bc4 28. b3 Bxb3 29. Rxd3 Bc4 30. Rd2 Qg5 31. h3 a5 32. a4 Rd8 33. Ne4 Qh4 34. Nf6+ Kf8 35. Bc5+ Kg7 36. Rxd8 Qxf6 37. Bd4 1-0


[Site "https://www.chess.com"]

[Event "Late Titled Tuesday Blitz February 8 2022"]
[White "Karttunen, Mika"]
[Black "Sanal, Vahap"]
[WhiteFideId "502081"]
[BlackFideId "6300545"]
[WhiteElo "2343"]
[BlackElo "2603"]
[Result "0-1"]
[Round "02"]
[TimeControl "180+1"]
[Date "2022.02.08"]
[WhiteClock "0:00:10"]
[BlackClock "0:01:25"]

1. d4 Nf6 2. c4 e6 3. Nc3 Bb4 4. e3 O-O 5. Bd3 d5 6. Nf3 b6 7. O-O Bb7 8. cxd5 exd5 9. Bd2 Be7 10. Ne5 c5 11. Qf3 Nc6 12. Nxc6 Bxc6 13. Bf5 c4 14. g4 b5 15. g5 Ne8 16. h4 b4 17. Ne2 Nd6 18. Bh3 Ne4 19. Be1 f6 20. g6 hxg6 21. Nf4 f5 22. Ne6 Qd6 23. Nxf8 Rxf8 24. Qg2 Bxh4 25. f3 Bxe1 26. Rfxe1 Nf6 27. a3 b3 28. Qh2 Qe7 29. Qe5 Qxe5 30. dxe5 Nd7 31. f4 Nc5 32. Bf1 Na4 33. Rab1 g5 34. Kf2 gxf4 35. exf4 Nc5 36. Ke3 Ne6 37. Red1 Rd8 38. Rd4 a5 39. Bg2 a4 40. Rbd1 Nxd4 41. Kxd4 Kf8 42. Kc5 Be8 43. Bxd5 Bf7 44. Kxc4 g5 45. fxg5 f4 46. Rd4 Rxd5 47. Rxd5 f3 48. g6 Bxd5+ 49. Kxd5 f2 50. e6 f1=Q 51. e7+ Kxe7 52. g7 Qg2+ 0-1


[Site "https://www.chess.com"]

[Event "Late Titled Tuesday Blitz February 8 2022"]
[White "Khripachenko, Alexander"]
[Black "Kravtsiv, Martyn"]
[WhiteFideId "54184975"]
[BlackFideId "14113147"]
[WhiteElo "2177"]
[BlackElo "2694"]
[Result "0-1"]
[Round "02"]
[TimeControl "180+1"]
[Date "2022.02.08"]
[WhiteClock "0:00:21"]
[BlackClock "0:00:15"]

1. d4 Nf6 2. c4 e6 3. Nf3 d5 4. Nc3 Nbd7 5. e3 Bb4 6. Qb3 c5 7. dxc5 a5 8. a3 Nxc5 9. Qc2 Bxc3+ 10. Qxc3 O-O 11. Be2 b6 12. O-O Ba6 13. Rd1 Qc8 14. Qc2 dxc4 15. Bxc4 Nce4 16. b3 Bxc4 17. bxc4 b5 18. Rd4 Rd8 19. Rxd8+ Qxd8 20. cxb5 Rc8 21. Qe2 Ng4 22. Bb2 Ngxf2 23. Bd4 f6 24. Rb1 e5 25. Ba1 Qd3 26. Qxd3 Nxd3 27. b6 Rb8 28. Rb5 a4 29. Kf1 Kf7 30. Ke2 Ndc5 31. Nd2 Ke6 32. Nxe4 Nxe4 33. Kd3 Nd6 34. Rb4 Kd5 35. Bc3 Kc6 36. Rxa4 Rxb6 37. Ra7 Rb3 38. Kc2 Rxc3+ 39. Kxc3 Nb5+ 40. Kd3 Nxa7 41. Ke4 g6 42. g4 Kd6 43. a4 Nc6 44. h4 Ke6 45. Kd3 Kd5 46. Kc3 Kc5 47. Kd3 f5 48. h5 fxg4 49. hxg6 hxg6 50. Ke4 Kb4 51. Kd3 Kxa4 52. Ke2 Kb4 53. Kf2 Kc5 54. Kg3 Kd5 55. Kxg4 Ke4 56. Kg5 Kxe3 57. Kxg6 e4 58. Kf5 Kd3 59. Kf4 e3 60. Kf3 e2 61. Kf2 Kd2 62. Kf3 Na7 63. Kf2 e1=Q+ 64. Kf3 Qh4 65. Kg2 Qf4 66. Kh3 Qg5 67. Kh2 Ke2 68. Kh3 Kf2 69. Kh2 Qh4# 0-1


[Site "https://www.chess.com"]

[Event "Late Titled Tuesday Blitz February 8 2022"]
[White "Kim, Sergey"]
[Black "Abdrlauf, Elham"]
[WhiteFideId "13700570"]
[BlackFideId "1533533"]
[WhiteElo "2604"]
[BlackElo "2334"]
[Result "1-0"]
[Round "02"]
[TimeControl "180+1"]
[Date "2022.02.08"]
[WhiteClock "0:01:02"]
[BlackClock "0:00:25"]

1. d4 Nf6 2. c4 e6 3. Nc3 d5 4. Nf3 c6 5. e3 Nbd7 6. Bd3 dxc4 7. Bxc4 b5 8. Bb3 Bb7 9. O-O a6 10. Qe2 c5 11. Rd1 c4 12. Bc2 Be7 13. e4 O-O 14. e5 Nd5 15. Ne4 h6 16. a3 Rc8 17. Ng3 Qe8 18. Qe4 f5 19. exf6 N7xf6 20. Qxe6+ Kh8 21. Ne5 Rc6 22. Nxc6 Qxc6 23. Qxc6 Bxc6 24. Bd2 Bd6 25. Nf5 Bc7 26. Re1 Bd7 27. Ne7 Rd8 28. g3 Nxe7 29. Rxe7 Nd5 30. Ree1 Bb6 31. Re5 Nf6 32. Bc3 Bc7 33. Re2 Bg4 34. Ree1 a5 35. Re7 Nd5 36. Ree1 b4 37. axb4 axb4 38. Bd2 Bf3 39. Bg6 c3 40. bxc3 bxc3 41. Bc1 Bb6 42. Re8+ Rxe8 43. Bxe8 Bxd4 44. Bc6 c2 45. Ra8+ Kh7 46. Rd8 Bf6 47. Rxd5 Bxd5 48. Bxd5 g5 49. Be4+ Kg7 50. Bxc2 h5 51. Be3 Kh6 52. h4 1-0


[Site "https://www.chess.com"]

[Event "Late Titled Tuesday Blitz February 8 2022"]
[White "Kiolbasa, Oliwia"]
[Black "Plotkin, Mark"]
[WhiteFideId "1154613"]
[BlackFideId "2611651"]
[WhiteElo "2190"]
[BlackElo "2178"]
[Result "0-1"]
[Round "02"]
[TimeControl "180+1"]
[Date "2022.02.09"]
[WhiteClock "0:00:24"]
[BlackClock "0:02:06"]

1. e4 e5 2. Nf3 Nc6 3. Bb5 a6 4. Ba4 Nf6 5. O-O Nxe4 6. d4 b5 7. Bb3 d5 8. dxe5 Be6 9. Qe2 Nc5 10. Rd1 Be7 11. Bxd5 Bxd5 12. Nc3 Bc4 13. Rxd8+ Rxd8 14. Qe3 Nb4 15. Ne1 Ne6 16. a3 Nd5 17. Nxd5 Bxd5 18. Qg3 O-O 19. Be3 c5 20. Nd3 Bc6 21. Nf4 Nd4 22. Bxd4 Rxd4 23. Nh5 g6 24. Nf6+ Bxf6 25. exf6 h5 26. Re1 Rg4 27. Qd6 Bxg2 28. h3 Bxh3+ 29. Kh2 Bg2 30. Qd7 Be4 31. f3 Bxf3 32. Re8 Rg2+ 33. Kh3 Bg4+ 34. Kxg2 Bxd7 0-1


[Site "https://www.chess.com"]

[Event "Late Titled Tuesday Blitz February 8 2022"]
[White "Kopczynski, Michal"]
[Black "Krsnik Cohar, Ivan Vihor"]
[WhiteFideId "1124200"]
[BlackFideId "14520044"]
[WhiteElo "2235"]
[BlackElo "2414"]
[Result "0-1"]
[Round "02"]
[TimeControl "180+1"]
[Date "2022.02.09"]
[WhiteClock "0:01:54"]
[BlackClock "0:02:21"]

1. e4 c6 2. d4 d5 3. Nc3 dxe4 4. Nxe4 Nf6 5. Ng3 h5 6. Bd3 h4 7. N3e2 h3 8. gxh3 Bxh3 9. Nxh3 Rxh3 10. Be3 Nd5 11. Qd2 e6 12. O-O-O Bb4 13. c3 Bd6 14. Rhg1 Qf6 15. Ng3 Nxe3 16. Qxe3 Bf4 0-1


[Site "https://www.chess.com"]

[Event "Late Titled Tuesday Blitz February 8 2022"]
[White "Kosakowski, Jakub"]
[Black "Kashefi, Amir Hosein"]
[WhiteFideId "1185080"]
[BlackFideId "12557935"]
[WhiteElo "2476"]
[BlackElo "2098"]
[Result "1-0"]
[Round "02"]
[TimeControl "180+1"]
[Date "2022.02.09"]
[WhiteClock "0:00:14"]
[BlackClock "0:00:01"]

1. d4 d5 2. c4 c6 3. Nf3 Nf6 4. Nc3 Bf5 5. Qb3 Qb6 6. c5 Qc7 7. Bf4 Qc8 8. e3 Nbd7 9. Qd1 h6 10. Bd3 Bxd3 11. Qxd3 Nh5 12. O-O g5 13. Bg3 Bg7 14. b4 O-O 15. b5 Nxg3 16. hxg3 e5 17. Nd2 e4 18. Qc2 Nf6 19. Rab1 Qg4 20. Qd1 Qf5 21. Qe2 Rab8 22. f3 exf3 23. gxf3 Rfe8 24. e4 Qh3 25. Qg2 Qxg2+ 26. Kxg2 dxe4 27. fxe4 Ng4 28. e5 Ne3+ 29. Kf3 Nxf1 30. Nxf1 Rbd8 31. Rb4 Bxe5 32. dxe5 Rd3+ 33. Ke4 Rxc3 34. bxc6 bxc6 35. Kd4 Rc1 36. Ne3 Rd8+ 37. Ke4 Rxc5 38. Nf5 Kh7 39. Rb7 Rc4+ 40. Ke3 Rc3+ 41. Ke4 Rc4+ 42. Ke3 Kg6 43. Ne7+ Kh5 44. Nf5 Kg4 45. Nxh6+ Kxg3 46. Nxf7 Rdd4 47. Nxg5 Rg4 48. Nf7 Rc3+ 49. Kd2 Ra3 50. e6 Rd4+ 51. Kc2 Re3 52. e7 Rde4 53. Nd6 Kf4 54. Nxe4 Rxe4 55. Rb4 Rxb4 56. e8=Q Rb6 57. Qd7 Ra6 58. a3 1-0


[Site "https://www.chess.com"]

[Event "Late Titled Tuesday Blitz February 8 2022"]
[White "Kosteniuk, Alexandra"]
[Black "Miszler, Levente"]
[WhiteFideId "4128125"]
[BlackFideId "763276"]
[WhiteElo "2469"]
[BlackElo "1966"]
[Result "1-0"]
[Round "02"]
[TimeControl "180+1"]
[Date "2022.02.09"]
[WhiteClock "0:00:07"]
[BlackClock "0:00:02"]

1. e4 e6 2. d4 d5 3. Nc3 Nf6 4. Bg5 Be7 5. e5 Nfd7 6. h4 a6 7. Nf3 h6 8. Bxe7 Qxe7 9. Qd2 c5 10. Ne2 Nc6 11. c3 b5 12. Nf4 b4 13. Be2 a5 14. Kf1 bxc3 15. bxc3 cxd4 16. cxd4 Qb4 17. Rd1 Qxd2 18. Rxd2 Ba6 19. Rh3 Ke7 20. h5 Rhb8 21. Ne1 Rb1 22. Rc3 Nb4 23. a3 Bxe2+ 24. Nxe2 Na6 25. Rdc2 Rab8 26. f3 R8b3 27. Kf2 R1b2 28. Rxb2 Rxb2 29. Nc2 Kd8 30. f4 Nc7 31. a4 Nb6 32. Na3 Nxa4 33. Rg3 Ne8 34. Ke1 Nb6 35. Kd1 Nc4 36. Nxc4 dxc4 37. Ra3 Rb1+ 38. Kc2 Re1 39. Kd2 Rb1 40. Rxa5 Nc7 41. Nc3 Rg1 42. Ne4 Rxg2+ 43. Ke3 Nd5+ 44. Kf3 Rb2 45. Ra8+ Ke7 46. Ra7+ Kd8 47. Nd6 c3 48. Ra8+ Kd7 49. Ra7+ Nc7 50. Ke3 c2 51. Kd2 Rb4 52. Kxc2 Kc6 53. Kd3 Rb3+ 54. Kc4 Rf3 55. Nxf7 Rxf4 56. Nd8+ Kd7 57. Rxc7+ Kxd8 58. Rxg7 Rh4 59. Rg6 Rxh5 60. Rxe6 Rh1 61. Kd5 h5 62. Kd6 h4 63. Rh6 Kc8 64. Rh8+ Kb7 65. e6 h3 66. d5 h2 67. e7 Re1 68. Rxh2 Re2 69. Rxe2 1-0


[Site "https://www.chess.com"]

[Event "Late Titled Tuesday Blitz February 8 2022"]
[White "Kostiukov, Alexandr"]
[Black "Goltseva, Ekaterina"]
[WhiteFideId "14108100"]
[BlackFideId "24173770"]
[WhiteElo "2202"]
[BlackElo "2140"]
[Result "0-1"]
[Round "02"]
[TimeControl "180+1"]
[Date "2022.02.09"]
[WhiteClock "0:00:04"]
[BlackClock "0:00:17"]

1. g3 d5 2. Bg2 Nf6 3. d3 e6 4. e4 c5 5. e5 Nfd7 6. Qe2 Nc6 7. Nf3 h6 8. c4 dxc4 9. dxc4 Qc7 10. Nc3 Ndxe5 11. Bf4 Nxf3+ 12. Qxf3 Qb6 13. O-O Be7 14. b3 Nd4 15. Qd3 O-O 16. Rad1 Bd7 17. Be5 Rad8 18. Na4 Bxa4 19. bxa4 Qa6 20. Qe4 Qxa4 21. Qxb7 Ne2+ 22. Kh1 Rxd1 23. Qxe7 Rxf1+ 24. Bxf1 Qd1 25. Kg2 Rd8 26. Qxc5 Nd4 27. Bxd4 Qxd4 28. Qc7 Qe4+ 29. Kg1 Rd1 30. Qb8+ Kh7 31. Qb2 Qd3 32. Kg2 Qxf1+ 33. Kf3 Qxc4 34. Kg2 Qe4+ 35. Kh3 Rd4 36. Qb8 Qe2 37. Kg2 Rd2 38. Qf4 f5 39. h4 Qe4+ 40. Qxe4 fxe4 41. h5 e3 0-1


[Site "https://www.chess.com"]

[Event "Late Titled Tuesday Blitz February 8 2022"]
[White "Kozin, Yuri"]
[Black "Novikova, Galina"]
[WhiteFideId "4129920"]
[BlackFideId "4157095"]
[WhiteElo "2506"]
[BlackElo "1863"]
[Result "1/2-1/2"]
[Round "02"]
[TimeControl "180+1"]
[Date "2022.02.09"]
[WhiteClock "0:00:10"]
[BlackClock "0:00:03"]

1. e4 e6 2. d4 d5 3. Nd2 Nc6 4. Ngf3 g5 5. c3 Qf6 6. e5 Qg7 7. Nb3 h6 8. Bb5 Bd7 9. O-O Nxe5 10. Nxe5 Bxb5 11. Re1 Bd6 12. a4 Bd7 13. Nxd7 Kxd7 14. a5 a6 15. Be3 Ne7 16. Nc5+ Bxc5 17. dxc5 e5 18. b4 c6 19. c4 d4 20. b5 axb5 21. cxb5 Nd5 22. bxc6+ bxc6 23. Bd2 Qf6 24. a6 Rhb8 25. Qe2 Ke6 26. Qc4 Rb2 27. Qxd4 Rb3 28. Qa4 Rb5 29. Qc4 Qe7 30. Bc3 f6 31. h4 Ra7 32. Qg4+ Kf7 33. Qc4 Ra8 34. Ba5 gxh4 35. Bb6 h3 36. a7 Rb4 37. Qd3 Rg4 38. g3 Rg5 39. Qh7+ Rg7 40. Qxh6 Qe6 41. Qh5+ Kg8 42. Kh2 Rg5 43. Qxh3 Qf7 44. Kg1 Rh5 45. Qg4+ Kf8 46. Qa4 Qh7 47. Qxc6 Rh1+ 48. Kg2 Qh3+ 49. Kf3 Qf5+ 50. Kg2 Qh3+ 51. Kf3 Qf5+ 52. Kg2 Qh3+ 1/2-1/2


[Site "https://www.chess.com"]

[Event "Late Titled Tuesday Blitz February 8 2022"]
[White "Koziorowicz, Michal"]
[Black "Kobalia, Mikhail"]
[WhiteFideId "21809194"]
[BlackFideId "4119150"]
[WhiteElo "2560"]
[BlackElo "2814"]
[Result "0-1"]
[Round "02"]
[TimeControl "180+1"]
[Date "2022.02.09"]
[WhiteClock "0:01:31"]
[BlackClock "0:00:22"]

1. e4 c6 2. Nc3 d5 3. Qe2 d4 4. Nd1 e5 5. d3 c5 6. f4 Nc6 7. Nf3 Bd6 8. f5 b5 9. Nf2 Nge7 10. g4 a5 11. Bg2 c4 12. O-O Ba6 13. g5 Qb6 14. f6 gxf6 15. gxf6 Ng6 16. Ng5 h6 17. Nf3 O-O-O 18. Bh3+ Kb8 19. Kh1 a4 20. Rg1 Rdg8 21. Ng4 Nf4 22. Bxf4 exf4 23. e5 Bc7 24. e6 fxe6 25. f7 Rf8 26. Nf6 Rxf7 27. Qxe6 Nd8 28. Qxf7 Nxf7 0-1


[Site "https://www.chess.com"]